 Dungeon Crawl Stone Soup version 0.30-a0-1116-gebefce21f7 (webtiles) character file.

Game seed: 1880069560071268630

65 mandoloar the Stinger (level 4, 0/28 HPs)
             Began as an Octopode Venom Mage on Apr 21, 2023.
             Splashed by a jelly's acid (7 damage)
             ... on level 4 of the Dungeon.
             The game lasted 00:08:50 (3494 turns).

mandoloar the Stinger (Octopode Venom Mage)         Turns: 3494, Time: 00:08:51

Health: 0/28       AC: -3    Str:  7    XL:     4   Next: 13%
Magic:  7/7        EV: 13    Int: 19    God:
Gold:   149        SH:  0    Dex: 12    Spells: 0/7 levels left

rFire   . . .      SeeInvis .    (no weapon)
rCold   . . .      Faith    .    (no shield)
rNeg    . . .      Spirit   .    (helmet restricted)
rPois   .          Reflect  .    (no amulet)
rElec   .          Rampage  .    (no ring)
rCorr   .                        (no ring)
Will    .....                    (no ring)
Stlth   +++                      (no ring)
HPRegen 0.24/turn                (no ring)
MPRegen 0.10/turn                (no ring)
                                 (no ring)
                                 (no ring)

@: corroded
A: almost no armour, amphibious, 8 rings, camouflage 1, gelatinous body 1,
(nimble swimmer 1), tentacles
a: no special abilities


You were on level 4 of the Dungeon.
You visited 1 branch of the dungeon, and saw 4 of its levels.

You collected 149 gold pieces.

Inventory:

Missiles
 g - 30 stones
Scrolls
 c - a scroll of identify
 d - a scroll of fear {unknown}
Potions
 a - a potion of magic
 b - 2 potions of brilliance {unknown}
 e - a potion of might {unknown}
 f - a potion of berserk rage
 j - a potion of heal wounds {unknown}


   Skills:
 + Level 1.1 Fighting
 + Level 2.5 Dodging
 + Level 3.4 Stealth
 + Level 0.9 Unarmed Combat
 + Level 2.3 Spellcasting
 + Level 1.6 Transmutations
 + Level 4.0 Poison Magic


You couldn't memorise any spells.
You knew the following spells:

 Your Spells              Type           Power      Damage    Failure   Level
a - Sting                 Tmut/Pois      48%        1d5       5%          1
b - Poisonous Vapours     Pois/Air       18%        N/A       11%         2
c - Olgreb's Toxic Radia  Pois           17%        N/A       30%         4

Your spell library contained the following spells:

 Spells                   Type           Power      Damage    Failure   Level
 Summon Small Mammal      Summ           8%         N/A       17%         1
 Mephitic Cloud           Conj/Pois/Air  7%         N/A       28%         3
 Call Canine Familiar     Summ           2%         N/A       45%         3
 Summon Guardian Golem    Hex/Summ       2%         N/A       45%         3


Dungeon Overview and Level Annotations

Branches:
Dungeon (4/15)
 Temple: D:4-7

Altars:

Annotations:
D:3 2 transporters, BigDaddyOpFi's ghost, amateur MeEE; Grinder


Innate Abilities, Weirdness & Mutations

You cannot wear most types of armour.
You are amphibious.
You can wear up to eight rings at the same time.
Your skin changes colour to match your surroundings (Stealth+).
Your rubbery body absorbs attacks. (AC +1, EV +1)
((You are camouflaged when in or above water. (Stealth+)))
You have tentacles for arms and can constrict up to eight enemies at once.


Message History

You start resting.
Magic restored.
BigDaddyOpFi's ghost turns its malevolent gaze towards you.
The goblin shouts!
Found a stone staircase leading down.
e - a grey potion
There is a stone staircase leading down here.
A rat comes into view.
You can't see any susceptible monsters within range! (Use Z to cast anyway.)
There is a stone staircase leading down here.
The sting hits the rat.
The rat is poisoned.
You kill the rat!
You start resting.
Magic restored.
The rat twitches its whiskers.
BigDaddyOpFi's ghost shouts, "You must not succeed where I failed!"
A bat comes into view.
A bat is nearby!
A bat is nearby!
There is a stone staircase leading down here.
You climb downwards.
There is a stone staircase leading up here.
You climb upwards.
Level annotation: 2 transporters, BigDaddyOpFi's ghost, amateur MeEE; Grinder
There is a stone staircase leading down here.
You climb downwards.
The jelly quivers.
There is a stone staircase leading up here.
There is a stone staircase leading up here.
You tentacle-slap the jelly.
Your tentacles burn!
You squeeze the jelly.
The jelly is lightly wounded.
The jelly hits you. The acid corrodes you!
You are splashed with acid!
You tentacle-slap the jelly but do no damage.
Your tentacles burn!
* * * LOW HITPOINT WARNING * * *
The jelly is lightly wounded.
The jelly hits you.
* * * LOW HITPOINT WARNING * * *
You are splashed with acid!
You die...

# . .. ... #.#
....# ...##
......####.....#
#..@J......#
###......#..
#..####..# #.##
.# .. #.# #. #.


You could see a jelly.

Vanquished Creatures
  An adder (D:3)
  A dart slug (D:1)
  An orc (D:3)
  A ball python (D:2)
  11 endoplasms
  2 giant cockroaches
  A goblin (D:2)
  4 hobgoblins
  3 quokkas
  5 bats
  5 frilled lizards
  7 kobolds
  3 rats
45 creatures vanquished.

Notes
Turn   | Place    | Note
-------+----------+-------------------------------------------
     0 | D:1      | mandoloar the Octopode Venom Mage began the quest for the
                  | Orb.
     0 | D:1      | Reached XP level 1. HP: 11/11 MP: 3/3
   154 | D:1      | Reached XP level 2. HP: 17/17 MP: 0/5
   209 | D:1      | Learned a level 2 spell: Poisonous Vapours
   871 | D:1      | Reached XP level 3. HP: 15/22 MP: 2/6
  2542 | D:3      | Found a transporter.
  2547 | D:3      | Found a transporter.
  2548 | D:3      | Noticed BigDaddyOpFi's ghost (amateur MeEE)
  2829 | D:3      | Noticed Grinder
  2851 | D:3      | Reached skill level 1 in Fighting
  2962 | D:3      | Reached skill level 4 in Poison Magic
  2962 | D:3      | Reached XP level 4. HP: 15/28 MP: 2/7
  3212 | D:3      | Learned a level 4 spell: Olgreb's Toxic Radiance
  3494 | D:4      | Splashed by a jelly's acid

Illustrated notes

Levels and vault maps discovered:
D:1:      minmay_arrival_plants_in_alcoves, layout_basic
D:2:      layout_basic
D:3:      layout_loops_ring, gammafunk_ghost_arena, uniq_grinder
D:4:      layout_rooms, ashenzari_conservatory_becter, lemuel_round_altar,
          minmay_increasing_density, uniq_menkaure, uniq_pikel

Skill      XL: |  1  2  3 |
---------------+----------+-----
Stealth        | 3 |  3.4
Fighting       | 1 |  1.1
Poison Magic   | 4 |  4.0
Dodging        | |  2.5
Unarmed Combat | |  0.9
Spellcasting   | |  2.3
Transmutations | |  1.6

Action                     |  1- 3 |  4- 6 || total
---------------------------+-------+-------++-------
  Melee: Unarmed           |    29 |     3 ||    32
         Tentacles         |     6 |     2 ||     8
         Constrict         |     2 |       ||     2
  Throw: Stone             |     1 |       ||     1
   Cast: Sting             |    58 |     5 ||    63
         Poisonous Vapours |     8 |     1 ||     9
    Use: Scroll            |     7 |       ||     7
 Armour: Skin              |     2 |       ||     2
  Dodge: Dodged            |    28 |       ||    28

Table legend: (Time is in decaauts)
 A = Elapsed time spent in this place.
 B = Non-inter-level travel time spent in this place.
 C = Inter-level travel time spent in this place.
 D = Time resting spent in this place.
 E = Time spent auto-exploring this place.
 F = Levels seen in this place.
 G = Mean time per level.
                   A        B        C        D        E       F      G
               +--------+--------+--------+--------+--------+-----+--------+
         Total |   3496 |   3256 |    240 |   1315 |   1468 |   4 |  874.0 |
       Dungeon |   3496 |   3256 |    240 |   1315 |   1468 |   4 |  874.0 |
               +--------+--------+--------+--------+--------+-----+--------+

Top non-repeatable levels by time:
     D:3: 1297 daAuts
     D:1: 1158 daAuts
     D:2: 1033 daAuts
     D:4: 7 daAuts
